 Dungeon Crawl Stone Soup version 0.29-a0-289-g2178c42546 (webtiles) character file.

Game seed: 7126311702382403636

511 Dabor the Skirmisher (level 6, -1/52 HPs)
             Began as a Palentonga Fighter on Mar 17, 2022.
             Was an Initiate of Ru.
             Killed from afar by an orc wizard (7 damage)
             ... with a magic dart
             ... on level 5 of the Dungeon.
             The game lasted 00:03:35 (3970 turns).

Dabor the Skirmisher (Palentonga Fighter)           Turns: 3970, Time: 00:03:36

Health: -1/52      AC:  9    Str: 21    XL:     6   Next: 99%
Magic:  6/6        EV:  7    Int:  9    God:    Ru [......]
Gold:   155        SH:  4    Dex:  9    Spells: 5/5 levels left

rFire   . . .      SeeInvis +   a - +0 war axe
rCold   . . .      Faith    .   c - +0 buckler
rNeg    . . .      Spirit   .   b - +0 scale mail
rPois   .          Reflect  .   j - +2 hat
rElec   x          Harm     .   (no cloak)
rCorr   .          Rampage  .   (no gloves)
Will    .....                   (no barding)
Stlth   ..........              (no amulet)
HPRegen 0.17/turn               (no ring)
MPRegen 0.10/turn               (no ring)

@: no status effects
A: large, rugged brown scales 3, see invisible, deformed body, roll 1, armoured
tail, [electricity vulnerability]
a: Rolling Charge, Renounce Religion


You were on level 5 of the Dungeon.
You worshipped Ru.
Ru was noncommittal.
You visited 2 branches of the dungeon, and saw 6 of its levels.

You collected 155 gold pieces.

Inventory:

Hand Weapons
 a - a +0 war axe (weapon)
Armour
 b - a +0 scale mail (worn)
 c - a +0 buckler (worn)
 j - a +2 hat (worn)
Wands
 m - a wand of polymorph (13)
Scrolls
 e - a scroll of acquirement {unknown}
 f - 4 scrolls of identify
 g - a scroll of amnesia {unknown}
 h - a scroll of teleportation
 k - a scroll of silence {unknown}
 n - a scroll of fog {unknown}
 o - a scroll of holy word {unknown}
 p - a scroll of blinking {unknown}
Potions
 d - a potion of attraction {unknown}
 l - a potion of heal wounds {unknown}


   Skills:
 + Level 4.6 Fighting
 + Level 4.2 Axes
 + Level 3.9 Armour
 + Level 3.8 Shields


You had 5 spell levels left.
You didn't know any spells.
Your spell library contained the following spells:

 Spells                   Type           Power      Damage    Failure   Level
 Magic Dart               Conj           0%         1d3       80%         1
 Summon Small Mammal      Summ           0%         N/A       80%         1
 Call Imp                 Summ           0%         N/A       90%         2
 Call Canine Familiar     Summ           0%         N/A       99%         3
 Mephitic Cloud           Conj/Pois/Air  0%         N/A       99%         3
 Summon Guardian Golem    Hex/Summ       0%         N/A       99%         3


Dungeon Overview and Level Annotations

Branches:
Dungeon (5/15)             Temple (1/1) D:4

Altars:
Ashenzari
Elyvilon
Fedhas
Nemelex Xobeh
Okawaru
Qazlal
Ru
Trog
Uskayaw
Wu Jian
Yredelemnul

Shops:
D:1 (


Innate Abilities, Weirdness & Mutations

You are completely covered in rugged brown scales. (AC +3, +7% HP)
You have supernaturally acute eyesight. (SInv)
Armour fits poorly on your strangely shaped body.
You can roll at nearby foes to attack.
You have a long armoured tail.
[You are vulnerable to electric shocks.]


Message History

The orc hits you with a +0 short sword.
* * * LOW HITPOINT WARNING * * *
You slash the orc!
You kill the orc!
You hit the orc wizard.
Your tail-slap misses the orc wizard.
The orc wizard is lightly wounded.
The orc wizard closely misses you.
You hit the orc wizard. You tail-slap the orc wizard.
The orc wizard is moderately wounded.
The orc wizard barely misses you.
You barely miss the orc wizard.
The orc wizard is moderately wounded.
The orc wizard hits you with a +0 dagger.
* * * LOW HITPOINT WARNING * * *
An orc comes into view. It is wielding a +0 club.
The orc wizard hits you but does no damage.
You closely miss the orc wizard.
The orc wizard is moderately wounded.
The orc shouts!
The orc wizard hits you with a +0 dagger.
* * * LOW HITPOINT WARNING * * *
You feel better.
The orc wizard hits you but does no damage.
An orc wizard comes into view. It is wielding a +0 dagger.
The orc wizard shouts!
You hit the orc wizard.
The orc wizard is severely wounded.
The orc wizard hits you with a +0 dagger.
* * * LOW HITPOINT WARNING * * *
You barely miss the orc wizard.
The orc wizard is severely wounded.
The orc wizard hits you with a +0 dagger.
* * * LOW HITPOINT WARNING * * *
The orc wizard hits you with a +0 dagger.
* * * LOW HITPOINT WARNING * * *
You barely miss the orc wizard.
The orc wizard is severely wounded.
The orc wizard casts a spell at you. The magic dart hits you!
You die...

.#.#.o##.#.##.#
.............
.........#.## #
............#
.#
.........oo.#
..
......###o###.#
........oon..o#
......###o#####
..## #@# .
#.......#
#######.#


You could see a necrophage, 2 orc wizards and 4 orcs.

Vanquished Creatures
  An ogre (D:4)
  The ghost of hofbold the Vandal, an amateur FoHu (D:3)
  A scorpion (D:4)
  A hound (D:4)
  A jelly (D:3)
  Natasha (thrice) (D:2)
  An iguana (D:5)
  4 adders
  3 dart slugs
  10 orcs
  9 ball pythons
  3 bats
  4 endoplasms
  4 giant cockroaches
  5 goblins
  5 hobgoblins
  8 jackals (D:4)
  8 kobolds
  2 quokkas
  4 frilled lizards
  3 rats
  A butterfly (D:4)
82 creatures vanquished.

Notes
Turn   | Place    | Note
-------+----------+-------------------------------------------
     0 | D:1      | Dabor the Palentonga Fighter began the quest for the Orb.
     0 | D:1      | Reached XP level 1. HP: 19/19 MP: 1/1
    94 | D:1      | Reached XP level 2. HP: 25/25 MP: 2/2
   426 | D:1      | Found Wyrchoewk's Weapon Emporium.
   575 | D:1      | Found a faded altar of an unknown god.
   934 | D:1      | Prayed at the altar of an unknown god.
   934 | D:1      | Became a worshipper of Qazlal Stormbringer
   934 | D:1      | Reached * piety under Qazlal
   968 | D:2      | Reached XP level 3. HP: 31/31 MP: 3/3
  1197 | D:2      | Noticed Natasha
  1203 | D:2      | Killed Natasha
  1378 | D:2      | Noticed Natasha
  1385 | D:2      | Killed Natasha
  1386 | D:2      | Reached XP level 4. HP: 13/38 MP: 4/4
  1857 | D:2      | Noticed Natasha
  1867 | D:2      | Killed Natasha
  2398 | D:3      | Reached XP level 5. HP: 44/44 MP: 5/5
  2578 | D:3      | Reached ** piety under Qazlal
  3010 | D:3      | Found a runed translucent door.
  3010 | D:3      | Noticed hofbold's ghost (amateur FoHu)
  3022 | D:3      | Killed hofbold's ghost
  3023 | D:3      | Reached XP level 6. HP: 36/51 MP: 6/6
  3233 | D:4      | Found a basalt altar of Yredelemnul.
  3618 | D:4      | Found a staircase to the Ecumenical Temple.
  3640 | Temple   | Entered the Ecumenical Temple
  3709 | Temple   | Fell from the grace of Qazlal
  3709 | Temple   | Became a worshipper of Ru the Awakened
  3868 | D:4      | Noticed a fire crab
  3868 | D:4      | Noticed a basilisk
  3933 | Temple   | Noticed a wind drake
  3933 | Temple   | Noticed a boulder beetle
  3945 | D:5      | Entered Level 5 of the Dungeon
  3970 | D:5      | Killed from afar by an orc wizard

Illustrated notes

Levels and vault maps discovered:
D:1:      elethiomel_arrival_quiet, layout_basic,
          shapermc_ecumenical_altar_pompeii, serial_shops,
          nicolae_shop_behind_doors, chequers_serial_rivers_micro_a, hex_medium,
          minmay_pentomino_z2
D:2:      layout_loops_ring, uniq_natasha
D:3:      layout_loops_ring, ebering_ghost_inner_flame
D:4:      layout_cave_pods, yredelemnul_altar_generic,
          minmay_temple_entry_butterflies, uniq_eustachio
D:5:      layout_basic, nicolae_gozag_cash_rules_everything_around_me,
          minivault_4, uniq_grinder, uniq_ijyb, uniq_edmund
Temple:   eino_temple_lava

Skill      XL: |  1  2  3  4  5  6 |
---------------+-------------------+-----
Axes           | 3 4 |  4.2
Armour         | 3 |  3.9
Shields        | 3 |  3.8
Fighting       | 4 |  4.6

Action                   |  1- 3 |  4- 6 || total
-------------------------+-------+-------++-------
Melee: War axe           |    59 |   157 ||   216
       Tailslap          |     6 |    17 ||    23
 Abil: Rolling Charge    |     1 |    17 ||    18
  Use: Potion            |       |     3 ||     3
       Scroll            |       |     2 ||     2
Armor: Scale mail        |    25 |    70 ||    95
Dodge: Dodged            |    15 |    48 ||    63
Block: Buckler           |    15 |    41 ||    56

Table legend: (Time is in decaauts)
 A = Elapsed time spent in this place.
 B = Non-inter-level travel time spent in this place.
 C = Inter-level travel time spent in this place.
 D = Time resting spent in this place.
 E = Time spent auto-exploring this place.
 F = Levels seen in this place.
 G = Mean time per level.
                   A        B        C        D        E       F      G
               +--------+--------+--------+--------+--------+-----+--------+
         Total |   4052 |   3841 |    211 |    324 |   2941 |   6 |  675.3 |
       Dungeon |   3924 |   3722 |    202 |    277 |   2880 |   5 |  784.8 |
        Temple |    128 |    119 |      9 |     47 |     61 |   1 |  128.0 |
               +--------+--------+--------+--------+--------+-----+--------+

Top non-repeatable levels by time:
     D:3: 1286 daAuts
     D:2: 1210 daAuts
     D:1: 1000 daAuts
     D:4: 396 daAuts
  Temple: 128 daAuts
     D:5: 29 daAuts
